 Dungeon Crawl Stone Soup version 0.30-a0-381-g6ea064c7b4 (webtiles) character file.

Game seed: 871166840358093676

642 qeuew the Conjurer (level 7, 0/41 HPs)
             Began as a Tengu Reaver on Dec 1, 2022.
             Slain by an adder (3 damage)
             ... on level 5 of the Dungeon.
             The game lasted 00:05:45 (4044 turns).

qeuew the Conjurer (Tengu Reaver)                   Turns: 4044, Time: 00:05:47

Health: 0/41       AC:  0    Str: 14    XL:     7   Next: 51%
Magic:  11/13      EV: 15    Int: 13    God:
Gold:   182        SH:  0    Dex: 13    Spells: 9/12 levels left

rFire   . . .      SeeInvis .    h - +0 broad axe
rCold   . . .      Faith    .    (no shield)
rNeg    . . .      Spirit   .    b - +0 leather armour
rPois   .          Reflect  .    (helmet restricted)
rElec   .          Harm     .    (no cloak)
rCorr   .          Rampage  .    (no gloves)
Will    .....                    (boots unavailable)
Stlth   +.........               (no amulet)
HPRegen 0.26/turn                (no ring)
MPRegen 0.13/turn                (no ring)

@: corroded, immotile, flying quickly and evasively, quick
A: beak, talons 3, nimble flight
a: no special abilities


You were on level 5 of the Dungeon.
You visited 1 branch of the dungeon, and saw 5 of its levels.

You collected 182 gold pieces.

Inventory:

Hand Weapons
 a - a +1 hand axe
 h - a +0 broad axe (weapon)
Armour
 b - a +0 leather armour (worn)
Wands
 e - a wand of acid (18)
Scrolls
 f - a scroll of teleportation
 g - a scroll of amnesia
 j - a scroll of noise {unknown}
Potions
 c - a potion of haste
 d - 3 potions of curing
 i - a potion of ambrosia {unknown}
 k - 2 potions of brilliance


   Skills:
 + Level 3.4 Fighting
 + Level 4.5 Axes
 + Level 2.8 Armour
 + Level 3.7 Dodging
 + Level 3.3 Spellcasting
 + Level 5.5 Conjurations
 + Level 2.2 Necromancy
 + Level 1.9 Evocations


You had 9 spell levels left.
You knew the following spells:

 Your Spells              Type           Power      Damage    Failure   Level
a - Kiss of Death         Conj/Necr      48%        2d9       5%          1
b - Momentum Strike       Conj/Tloc      18%        3d8       13%         2

Your spell library contained the following spells:

 Spells                   Type           Power      Damage    Failure   Level
 Hailstorm                Conj/Ice       9%         3d4       26%         3


Dungeon Overview and Level Annotations

Branches:
Dungeon (5/15)
 Temple: D:4-7

Altars:
Nemelex Xobeh

Shops:
D:5 *

Annotations:
D:1 2 runed translucent doors


Innate Abilities, Weirdness & Mutations

You have a beak for a mouth.
You have claws for feet.
Your magical nature lets you fly swiftly and evasively.


Message History

The jelly closely misses you. The hound bites you.
You slash the hound!
You kill the hound!
You hit the jelly but do no damage. The acid corrodes you!
Your hands burn!
The jelly completely misses you.
You hit the jelly.
Your hands burn!
You peck the jelly, but do no damage.
The jelly is heavily wounded.
You completely miss the adder. The jelly closely misses you.
The adder bites you.
You are poisoned.
The adder poisons you! The jelly barely misses you.
The adder barely misses you.
You hit the iguana but do no damage. You miss the adder.
You barely miss the jelly.
You feel very sick. The adder closely misses you. The iguana barely misses you.
The jelly barely misses you. The adder bites you.
Unknown command.
Aiming: Momentum Strike (safe; 13% risk of failure)
Press: ? - help, Q - select action, (/) - cycle Dir - move target, f - jelly
Aim: a jelly (heavily wounded, 100% to hit)
The concentrated momentum hits the jelly!
The jelly dies!
You are unable to move.
You feel sick. The iguana bites you!
* * * LOW HITPOINT WARNING * * *
The adder misses you.
You feel better. The iguana misses you. The adder closely misses you.
You hit the iguana but do no damage. You claw the iguana, but do no damage.
You slash the adder! The adder bites you. The iguana bites you!
* * * LOW HITPOINT WARNING * * *
The adder closely misses you. The iguana closely misses you.
Unknown command.
You slash the iguana! Your kick misses the iguana.
You peck the iguana, but do no damage.
The iguana is heavily wounded.
You completely miss the adder. The adder bites you.
* * * LOW HITPOINT WARNING * * *
The iguana misses you. The adder bites you.
You die...

....... ...[......#...
.<..... ..........#..
...... .............
...... .............
..#.#. ............##
...... .............##
...###. ........S.....##
##.. #..
........l@.....##... #..#
.............#(.[..#....#
(............# #...###..
.......!....## #..# #.
.[.....<...#####..# #.
....##.##.........####.#
######.####.###......#.#
#.....>..# ##..##...###
#........# #.##......>


You could see an iguana and an adder.

Vanquished Creatures
  An ice beast (D:5)
  2 ogres (D:5)
  A howler monkey (D:5)
  3 hounds (D:5)
  An orc priest (D:4)
  Jessica (D:3)
  3 iguanas
  3 adders
  3 worms
  6 dart slugs
  12 orcs
  6 ball pythons
  7 endoplasms
  4 giant cockroaches
  8 goblins
  9 hobgoblins
  5 quokkas
  4 bats
  8 frilled lizards
  5 kobolds
  4 rats
96 creatures vanquished.

Vanquished Creatures (others)
  A phantom (D:4)
  A jelly (D:5)
  An adder (D:4)
  An orc (D:3)
  10 plants
14 creatures vanquished.

Grand Total: 110 creatures vanquished

Notes
Turn   | Place    | Note
-------+----------+-------------------------------------------
     0 | D:1      | qeuew the Tengu Reaver began the quest for the Orb.
     0 | D:1      | Reached XP level 1. HP: 12/12 MP: 4/4
    53 | D:1      | Reached XP level 2. HP: 4/17 MP: 6/6
   117 | D:1      | Found a large runed translucent door.
   117 | D:1      | Found a large runed translucent door.
   122 | D:1      | Noticed a troll
   293 | D:1      | Reached XP level 3. HP: 21/21 MP: 7/7
   434 | D:1      | Found a faded altar of an unknown god.
   515 | D:1      | Reached skill level 1 in Armour
  1210 | D:2      | Reached XP level 4. HP: 27/27 MP: 8/8
  1639 | D:2      | Learned a level 2 spell: Momentum Strike
  1739 | D:3      | Found a sparkling altar of Nemelex Xobeh.
  1858 | D:3      | Noticed Jessica
  1863 | D:3      | Killed Jessica
  2023 | D:3      | Gained mutation: Your magical nature lets you fly swiftly
                  | and evasively. [Tengu growth]
  2023 | D:3      | Reached XP level 5. HP: 31/31 MP: 9/9
  3468 | D:4      | Noticed a phantom
  3473 | D:4      | Reached skill level 1 in Necromancy
  3480 | D:4      | Killed a phantom
  3481 | D:4      | Reached skill level 5 in Conjurations
  3481 | D:4      | Reached skill level 1 in Evocations
  3481 | D:4      | Reached XP level 6. HP: 11/37 MP: 6/11
  3790 | D:5      | Entered Level 5 of the Dungeon
  3825 | D:5      | Noticed an ice beast
  3834 | D:5      | Killed an ice beast
  3841 | D:5      | Reached XP level 7. HP: 10/41 MP: 9/12
  3973 | D:5      | Found Loeneaxu's Overcharged Wands.
  4044 | D:5      | Slain by an adder

Illustrated notes

Levels and vault maps discovered:
D:1:      erik_arrival_cave_to_civilisation [erik_arrival_cave_to_temple],
          layout_basic, chequers_ecumenical_altar_simple
D:2:      layout_basic, minmay_pentomino_s2
D:3:      layout_basic, mainiacjoe_overflow_tiny_flanked,
          cheibrodos_sewer_entry_bend, serial_forest,
          infiniplex_forest_clump_diagonal, infiniplex_forest_corner_2,
          infiniplex_forest_end_1, infiniplex_forest_clump_cross,
          infiniplex_forest_end_1, infiniplex_forest_clump_large,
          infiniplex_forest_end_2, infiniplex_forest_clump_curved,
          grunt_decor_one_mirror, uniq_jessica
D:4:      layout_gridville, kennysheep_cluttered_room, minmay_lizard_king
D:5:      layout_rooms, nicolae_overflow_crystal_walls,
          minmay_temple_entry_slanted, nicolae_shop_overcharged_wands

Skill      XL: |  1  2  3  4  5  6  7 |
---------------+----------------------+-----
Armour         | 1 2 |  2.8
Dodging        | 3 |  3.7
Axes           | 4 |  4.5
Necromancy     | 1 2 |  2.2
Fighting       | 3 |  3.4
Conjurations   | 5 |  5.5
Evocations     | 1 |  1.9
Spellcasting   | 3 |  3.3

Action                   |  1- 3 |  4- 6 |  7- 9 || total
-------------------------+-------+-------+-------++-------
Melee: Hand axe          |    79 |    49 |       ||   128
       Kick              |    17 |    35 |     5 ||    57
       Peck              |    12 |    16 |     5 ||    33
       Broad axe         |       |    82 |    22 ||   104
       Punch             |       |     3 |       ||     3
 Cast: Momentum Strike   |       |     6 |     2 ||     8
Evoke: Wand              |       |     3 |     2 ||     5
  Use: Scroll            |     3 |     5 |       ||     8
       Potion            |       |     3 |     1 ||     4
 Stab: Sleeping          |       |     1 |       ||     1
Armor: Leather armour    |    17 |    17 |     2 ||    36
Dodge: Dodged            |    56 |    96 |    42 ||   194

Table legend: (Time is in decaauts)
 A = Elapsed time spent in this place.
 B = Non-inter-level travel time spent in this place.
 C = Inter-level travel time spent in this place.
 D = Time resting spent in this place.
 E = Time spent auto-exploring this place.
 F = Levels seen in this place.
 G = Mean time per level.
                   A        B        C        D        E       F      G
               +--------+--------+--------+--------+--------+-----+--------+
         Total |   3953 |   3818 |    135 |    147 |   3017 |   5 |  790.6 |
       Dungeon |   3953 |   3818 |    135 |    147 |   3017 |   5 |  790.6 |
               +--------+--------+--------+--------+--------+-----+--------+

Top non-repeatable levels by time:
     D:1: 1047 daAuts
     D:3: 993 daAuts
     D:4: 984 daAuts
     D:2: 669 daAuts
     D:5: 258 daAuts
